 Seeded DCSS version 0.29-a0-100-g60f898f876 (webtiles) character file.

Game seed: 6000200499986173706 (custom seed)

9403 innerfire433 the Nimble (level 11, -5/77 HPs)
             Began as a Demonspawn Monk on Feb 14, 2022.
             Was a Priest of Wu Jian.
             Slain by a spatial maelstrom (18 damage)
             ... on level 1 of the Abyss.
             The game lasted 00:20:26 (11898 turns).

innerfire433 the Nimble (Demonspawn Monk)          Turns: 11898, Time: 00:20:27

Health: -5/77      AC:  8    Str: 27    XL:     11   Next: 22%
Magic:  11/11      EV: 23    Int: 12    God:    Wu Jian [***...]
Gold:   720        SH:  9    Dex: 17    Spells: 10/10 levels left

rFire   . . .      SeeInvis +   k - +11 rapier of Disaster {flame, Fly rPois SInv}
rCold   + . .      Faith    .   (no shield)
rNeg    . . .      Spirit   .   E - +2 troll leather armour
rPois   +          Reflect  +   (no helmet)
rElec   .          Harm     .   u - +0 cloak
rCorr   .          Rampage  .   (no gloves)
Will    .....                   a - +0 pair of boots
Stlth   ++........              t - amulet "Oshruydiq" {Reflect Str+5 SH+5}
HPRegen 1.02/turn               l - ring of protection from cold
MPRegen 0.12/turn               s - +6 ring of strength

@: agile, flying
A: hooves 2, large bone plates 1, demonic guardian 2, powered by pain 1, agile
1, frail 1
a: Renounce Religion, Wall Jump, Serpent's Lash


You were on level 1 of the Abyss.
You worshipped Wu Jian.
Wu Jian was most pleased with you.
You visited 1 branch of the dungeon, and saw 11 of its levels.
You visited the Abyss 1 time.

You collected 720 gold pieces.

Inventory:

Hand Weapons
 e - the +7 flail of Mafuuludops {chaos, rElec}
   (You found it on level 10 of the Dungeon)

   Each time it hits an enemy it has a different, random effect.
   rElec:     It insulates you from electricity.
 f - a +3 hunting sling of freezing
 k - the +11 rapier of Disaster (weapon) {flame, Fly rPois SInv}
   (You found it on level 3 of the Dungeon)

   It burns those it strikes, dealing additional fire damage.
   rPois:     It protects you from poison.
   SInv:      It lets you see invisible.
   Fly:       It grants you flight.
Missiles
 v - a throwing net (quivered)
 z - 55 sling bullets
Armour
 a - a +0 pair of boots (worn)
 b - the -3 buckler of Good Intentions {rPois Int+2}
   (You found it on level 9 of the Dungeon)

   Int:       It affects your intelligence (+2).
   rPois:     It protects you from poison.
 u - a +0 cloak (worn)
 y - +2 steam dragon scales
 E - a +2 troll leather armour (worn)
Jewellery
 l - a ring of protection from cold (left hand)
 r - an amulet of faith
 s - a +6 ring of strength (right hand)
 t - the amulet "Oshruydiq" (around neck) {Reflect Str+5 SH+5}
   (You acquired it on level 6 of the Dungeon)

   [amulet of reflection]

   It reflects blocked missile attacks.
   Str:       It affects your strength (+5).
   SH:        It affects your SH (+5).
Wands
 D - a wand of digging (3)
Scrolls
 d - a scroll of vulnerability {unknown}
 g - a scroll of amnesia {unknown}
 h - 3 scrolls of brand weapon
 i - 2 scrolls of fog
 j - 7 scrolls of noise
 p - a scroll of magic mapping
 x - 4 scrolls of identify
 A - a scroll of summoning {unknown}
 B - a scroll of teleportation
Potions
 c - 3 potions of lignification {unknown}
 n - a potion of curing
 o - 2 potions of attraction
 q - 2 potions of degeneration {unknown}
 w - a potion of berserk rage {unknown}
 C - 2 potions of invisibility {unknown}


   Skills:
 + Level 8.2 Fighting
 * Level 9.8 Short Blades
 - Level 4.7 Polearms
 * Level 10.6 Dodging
 - Level 1.8 Stealth


You had 10 spell levels left.
You didn't know any spells.
Your spell library contained the following spells:

 Spells                   Type           Power      Damage    Failure   Level
 Animate Skeleton         Necr           0%         N/A       36%         1
 Magic Dart               Conj           0%         1d3       36%         1
 Pain                     Necr           0%         1d4       36%         1
 Slow                     Hex            0%         N/A       36%         1
 Blink                    Tloc           0%         N/A       50%         2
 Call Imp                 Summ           0%         N/A       50%         2
 Call Canine Familiar     Summ           0%         N/A       73%         3
 Confusing Touch          Hex            0%         N/A       73%         3
 Lesser Beckoning         Tloc           0%         N/A       73%         3
 Mephitic Cloud           Conj/Pois/Air  0%         N/A       73%         3
 Portal Projectile        Hex/Tloc       0%         N/A       73%         3
 Vampiric Draining        Necr           0%         2d6       73%         3
 Airstrike                Air            0%         N/A       98%         4
 Leda's Liquefaction      Hex/Erth       0%         N/A       98%         4
 Summon Lightning Spire   Summ/Air       0%         N/A       98%         4
 Blade Hands              Tmut           0%         N/A       100%        5
 Irradiate                Conj/Tmut      0%         3d13      100%        5
 Lightning Bolt           Conj/Air       0%         1d11      100%        5
 Manifold Assault         Tloc           0%         N/A       100%        5
 Dragon Form              Tmut           0%         N/A       100%        7


Dungeon Overview and Level Annotations

Branches:
Dungeon (11/15)            Temple (0/1) D:6            Lair (0/6) D:11
    Orc: D:9-12

Altars:
Cheibriados
Dithmenos
Fedhas
Gozag
Nemelex Xobeh
Okawaru
Trog
Wu Jian
Xom
Yredelemnul
Zin
The Shining One

Shops:
D:2 ?

Annotations:
D:11 Erolcha


Innate Abilities, Weirdness & Mutations

You have hoof-like feet.
You are partially covered in large bone plates. (SH +4)
A demonic guardian rushes to your aid.
You sometimes gain a little power by taking damage.
You are agile. (Dex +2)
You are frail. (-10% HP)


Message History

The spatial maelstrom misses you.
A spatial vortex comes into view.
You puncture the spatial maelstrom! You burn the spatial maelstrom.
The spatial maelstrom is moderately damaged.
The spatial maelstrom hits you. Space warps around you.
The spatial maelstrom hits you! Space warps horribly around you!!
* * * LOW HITPOINT WARNING * * *
A demonic guardian appears!
You focus on the pain.
You feel agile all of a sudden.
You feel better.
The spatial maelstrom completely misses you.
You block the spatial maelstrom's attack.
You swap places.
An ufetubus comes into view.
The ufetubus shouts!
Your rust devil hits the spatial maelstrom.
Your rust devil corrodes the spatial maelstrom!
The spatial maelstrom barely misses you.
The spatial maelstrom completely misses you.
Your rust devil hits the spatial maelstrom.
The spatial maelstrom seems to be corroded for longer.
You spin and attack the spatial maelstrom repeatedly.
You hit the spatial maelstrom.
The spatial maelstrom is moderately damaged.
You hit the spatial maelstrom.
The spatial maelstrom is heavily damaged.
The spatial maelstrom barely misses you.
You block the spatial maelstrom's attack.
Your rust devil hits the spatial maelstrom.
The spatial maelstrom seems to be corroded for longer.
A spatial vortex comes into view.
The spatial maelstrom misses you.
The spatial maelstrom barely misses you.
A spatial vortex comes into view.
The spatial vortex misses you.
The spatial maelstrom hits you but does no damage.
The spatial maelstrom hits you!
* * * LOW HITPOINT WARNING * * *
Space warps horribly around you!!
You die...

. v. ..
#..##.# #
..#.#
###...#
#4.##
#####..#
#......#
#...v5.#
#.v@##.##
#
##.##...##
# . ...
...... #
###.
#...##. ##
##
#.###.## #
... .....
.# .. .
...## ##
.......#
.## ##


You could see a spatial maelstrom (corroded, ally target), a spatial vortex, an
ufetubus and a friendly rust devil (summoned).

Vanquished Creatures
  2 centaur warriors (D:9)
  2 two-headed ogres
  A manticore (D:11)
  Maggie (D:7)
  3 hornets
  A troll (D:9)
  A shadow (D:10)
  2 vampires
  9 yaks (D:9)
  A wraith (D:9)
  A steam dragon (D:6)
  Menkaure (D:4)
  An acid dragon (D:8)
  A water moccasin (D:9)
  A sky beast (D:5)
  3 orc warriors
  3 ice beasts
  3 necrophages
  3 ogres
  5 centaurs
  2 kobold brigands
  A water moccasin zombie (D:5)
  4 killer bees (D:7)
  5 wights (D:7)
  4 centaur zombies
  3 hounds
  A gnoll shaman (D:7)
  4 orc priests
  A centaur skeleton (D:5)
  3 iguanas
  An orc wizard (D:6)
  A killer bee zombie (D:9)
  A hound zombie (D:5)
  9 gnolls
  Robin (D:3)
  4 adders
  3 shadow imps
  2 white imps
  An ufetubus (D:4)
  2 dart slugs
  26 orcs
  9 endoplasms
  2 giant cockroaches (D:2)
  8 goblins
  4 hobgoblins
  6 jackals (D:4)
  14 kobolds
  4 quokkas
  6 ball pythons
  10 bats
  3 frilled lizards
  6 rats
196 creatures vanquished.

Vanquished Creatures (collateral kills)
  A killer bee (D:7)
1 creature vanquished.

Vanquished Creatures (others)
  An iguana (D:5)
  An orc (D:5)
  A kobold (D:9)
3 creatures vanquished.

Grand Total: 200 creatures vanquished

Notes
Turn   | Place    | Note
-------+----------+-------------------------------------------
     0 | D:1      | innerfire433 the Demonspawn Monk began the quest for the
                  | Orb.
     0 | D:1      | Reached XP level 1. HP: 18/18 MP: 1/1
   267 | D:1      | Gained mutation: You are partially covered in large bone
                  | plates. (SH +4) [demonic ancestry]
   267 | D:1      | Reached XP level 2. HP: 24/24 MP: 2/2
   719 | D:2      | Found Fiuro's Magic Scroll Boutique.
   735 | D:2      | Reached skill level 3 in Dodging
   965 | D:2      | Reached XP level 3. HP: 29/29 MP: 3/3
  1422 | D:2      | Gained mutation: You have large cloven feet. [demonic
                  | ancestry]
  1422 | D:2      | Reached XP level 4. HP: 27/35 MP: 4/4
  2316 | D:3      | Reached XP level 5. HP: 38/41 MP: 5/5
  2733 | D:3      | Noticed Robin
  2770 | D:3      | Killed Robin
  3192 | D:3      | Identified the +11 rapier of Disaster {flame, Fly rPois
                  | SInv}
  3436 | D:4      | Found an ornate altar of the Wu Jian Council.
  3688 | D:4      | Noticed an ogre
  3693 | D:4      | Killed an ogre
  3694 | D:4      | Reached skill level 1 in Short Blades
  3694 | D:4      | Reached skill level 4 in Dodging
  3694 | D:4      | Gained mutation: A weak demonic guardian rushes to your
                  | aid. [demonic ancestry]
  3694 | D:4      | Reached XP level 6. HP: 15/47 MP: 6/6
  3914 | D:4      | Noticed Menkaure
  3922 | D:4      | Killed Menkaure
  4061 | D:4      | Found a blossoming altar of Fedhas.
  4734 | D:4      | Became a worshipper of the Wu Jian Council
  4734 | D:4      | Reached * piety under Wu Jian
  4734 | D:4      | Reached ** piety under Wu Jian
  4804 | D:5      | Entered Level 5 of the Dungeon
  4854 | D:5      | Gained mutation: You have hoof-like feet. [demonic
                  | ancestry]
  4854 | D:5      | Reached XP level 7. HP: 53/53 MP: 7/7
  4870 | D:5      | Noticed a hornet
  4883 | D:5      | Gained mutation: You are frail. (-10% HP) [potion of
                  | mutation]
  4883 | D:5      | Gained mutation: You are agile. (Dex +2) [potion of
                  | mutation]
  4897 | D:5      | Killed a hornet
  4898 | D:5      | Reached skill level 5 in Dodging
  5350 | D:5      | Found a shimmering altar of Xom.
  5406 | D:5      | Reached XP level 8. HP: 20/54 MP: 8/8
  5666 | D:5      | Reached skill level 6 in Dodging
  5683 | D:5      | Found an opulent altar of Gozag.
  6194 | D:6      | Found an iron altar of Okawaru.
  6218 | D:6      | Reached skill level 5 in Fighting
  6218 | D:6      | Reached skill level 5 in Short Blades
  6357 | D:6      | Found a staircase to the Ecumenical Temple.
  6520 | D:6      | Found a shadowy altar of Dithmenos.
  6740 | D:6      | Found a basalt altar of Yredelemnul.
  6754 | D:6      | Found a bloodstained altar of Trog.
  7133 | D:6      | Identified a scroll of acquirement
  7133 | D:6      | Acquired the amulet "Oshruydiq" {Reflect Str+5 SH+5}
  7412 | D:7      | Reached skill level 7 in Dodging
  7414 | D:7      | Gained mutation: A demonic guardian rushes to your aid.
                  | [demonic ancestry]
  7414 | D:7      | Reached XP level 9. HP: 38/61 MP: 9/9
  7958 | D:7      | Noticed Maggie
  7965 | D:7      | Killed Maggie
  8145 | D:7      | Reached skill level 8 in Dodging
  8231 | D:7      | Found a sparkling altar of Nemelex Xobeh.
  9067 | D:8      | Noticed a two-headed ogre
  9072 | D:8      | Killed a two-headed ogre
  9364 | D:8      | Gained mutation: You sometimes gain a little power by
                  | taking damage. [demonic ancestry]
  9364 | D:8      | Reached XP level 10. HP: 69/69 MP: 10/10
  9731 | D:8      | Found a snail-covered altar of Cheibriados.
 10134 | D:9      | Reached skill level 9 in Dodging
 10963 | D:9      | Noticed a centaur warrior
 10970 | D:9      | Killed a centaur warrior
 11001 | D:9      | Reached skill level 10 in Dodging
 11019 | D:9      | Identified the -3 buckler of Good Intentions {rPois Int+2}
 11037 | D:9      | Noticed a centaur warrior
 11045 | D:9      | Killed a centaur warrior
 11045 | D:9      | Reached *** piety under Wu Jian
 11151 | D:10     | Entered Level 10 of the Dungeon
 11259 | D:10     | Reached XP level 11. HP: 52/77 MP: 11/11
 11471 | D:10     | Identified the +7 flail of Mafuuludops {chaos, rElec}
 11745 | D:10     | You are sucked into a shaft and drop 1 floor!
 11746 | D:11     | Found a staircase to the Lair.
 11791 | D:11     | Noticed a two-headed ogre
 11802 | D:11     | Killed a two-headed ogre
 11854 | D:11     | Noticed Erolcha
 11854 | D:11     | Noticed a two-headed ogre
 11854 | D:11     | Noticed a two-headed ogre
 11854 | D:11     | Cast into level 1 of the Abyss (Erolcha)
 11882 | Abyss:1  | Noticed a spatial maelstrom
 11889 | Abyss:1  | HP: 1/77 [spatial maelstrom (23)]
 11898 | Abyss:1  | Slain by a spatial maelstrom

Illustrated notes

Levels and vault maps discovered:
D:1:      scummos_arrival_gate, layout_loops_ring, minmay_misc_feat_tower
D:2:      layout_loops_cross, serial_shops, shop_scrolls, serial_park_tiny_1,
          minmay_misc_feat_ornament
D:3:      layout_loops_ring, roderic_lattice_a, uniq_robin
D:4:      layout_basic, nicolae_wu_jian_wuxing_cycle,
          mainiacjoe_overflow_chevrons, uniq_menkaure
D:5:      layout_basic, xom_confusion_cloud, mainiacjoe_overflow_alcove_1,
          pf_just_have_faith, chequers_garden
D:6:      layout_basic, mainiacjoe_overflow_concentric_impassable,
          lemuel_round_altar, mainiacjoe_overflow_big_doors,
          minmay_temple_entry_antechambers
D:7:      layout_layer_cave, nemelex_spade_bored_becter,
          lemuel_coloured_pillars_altar, grunt_ministairs_6, uniq_maggie
D:8:      nicolae_cairo_tiling_large, layout_cave_pods,
          mainiacjoe_overflow_six_doors_small
D:9:      layout_small_grid, minmay_three_doors
D:10:     layout_basic
D:11:     layout_cave_pools, lair_entry_dummy, david_orc_3, uniq_erolcha,
          uniq_fannar
Abyss:1:  base:
D:1

Skill      XL: |  1  2  3  4  5  6  7  8  9 10 11 |
---------------+----------------------------------+-----
Polearms       | 3 4 |  4.7
Dodging        | 3 4 5 7 8 10 | 10.6
Short Blades   | 1 2 4 5 7 9 |  9.8
Fighting       | 4 5 6 7 8 |  8.2
Stealth        | |  1.8

Action                   |  1- 3 |  4- 6 |  7- 9 | 10-12 || total
-------------------------+-------+-------+-------+-------++-------
Melee: Spear             |   112 |   117 |       |       ||   229
       Kick              |       |    27 |    41 |    22 ||    90
       Rapier            |       |    44 |   160 |   146 ||   350
       Punch             |       |     2 |       |     4 ||     6
 Fire: Hunting sling     |       |     2 |       |       ||     2
Invok: Lunge             |       |       |    17 |    14 ||    31
       Whirlwind         |       |       |     4 |     4 ||     8
  Use: Scroll            |       |     2 |     8 |     2 ||    12
       Potion            |       |     2 |     1 |     1 ||     4
 Stab: Sleeping          |     3 |       |       |     1 ||     4
       Distracted        |       |       |     1 |     2 ||     3
Armor: Robe              |     2 |       |       |       ||     2
       Scale mail        |    36 |    50 |    26 |       ||   112
       Steam dragon scal |       |       |     6 |     6 ||    12
       Troll leather arm |       |       |       |     9 ||     9
Dodge: Dodged            |    40 |    67 |    78 |   102 ||   287
Block: Other             |    16 |    20 |    39 |    56 ||   131
       Reflection        |       |       |     3 |     5 ||     8

Table legend: (Time is in decaauts)
 A = Elapsed time spent in this place.
 B = Non-inter-level travel time spent in this place.
 C = Inter-level travel time spent in this place.
 D = Time resting spent in this place.
 E = Time spent auto-exploring this place.
 F = Levels seen in this place.
 G = Mean time per level.
                   A        B        C        D        E       F      G
               +--------+--------+--------+--------+--------+-----+--------+
         Total |  11844 |  11395 |    449 |      0 |   9637 |  12 |  987.0 |
       Dungeon |  11801 |  11352 |    449 |      0 |   9637 |  11 | 1072.8 |
         Abyss |     42 |     42 |      0 |      0 |      0 |   1 |   42.0 |
               +--------+--------+--------+--------+--------+-----+--------+

Top non-repeatable levels by time:
     D:7: 1878 daAuts
     D:4: 1706 daAuts
     D:2: 1359 daAuts
     D:3: 1153 daAuts
     D:6: 1151 daAuts
     D:9: 1089 daAuts
     D:8: 1008 daAuts
     D:5: 912 daAuts
     D:1: 852 daAuts
    D:10: 584 daAuts
    D:11: 103 daAuts
 Abyss:1: 42 daAuts
